 Dungeon Crawl Stone Soup version 0.23-a0-389-g4a5eb33 (webtiles) character file.

36 Dawnplanks the Shield-Bearer (level 3, 0/24 HPs)
             Began as a Gargoyle Fighter on Oct 29, 2018.
             Slain by an adder (2 damage)
             ... on level 3 of the Dungeon.
             The game lasted 00:02:02 (983 turns).

Dawnplanks the Shield-Bearer (Gargoyle Fighter)      Turns: 983, Time: 00:02:03

Health: 0/24       AC: 11    Str: 20    XL:     3   Next: 37%
Magic:  3/3        EV:  7    Int:  8    God:
Gold:   38         SH:  9    Dex:  9    Spells: 2/2 levels left

rFire    . . .     SeeInvis .   a - +0 flail
rCold    . . .     Gourm    .   c - +0 shield
rNeg     + . .     Faith    .   b - +0 scale mail
rPois    ∞         Spirit   .   (no helmet)
rElec    +         Reflect  .   (no cloak)
rCorr    .         Harm     .   (no gloves)
MR       .....                  i - +0 pair of boots
Stlth    ..........             (no amulet)
HPRegen  0.08/turn              (no ring)
MPRegen  0.08/turn              (no ring)

@: no status effects
A: negative energy resistance 1, electricity resistance, unbreathing,
petrification resistance, rot immunity, AC +3
a: no special abilities


You were on level 3 of the Dungeon.
You were not hungry.

You visited 1 branch of the dungeon, and saw 4 of its levels.

You collected 38 gold pieces.

Inventory:

Hand Weapons
 a - a +0 flail (weapon)
Armour
 b - a +0 scale mail (worn)
 c - a +0 shield (worn)
 i - a +0 pair of boots (worn)
Scrolls
 e - a scroll of remove curse {unknown}
 g - 3 scrolls of teleportation {unknown}
 k - a scroll of amnesia {unknown}
 m - 2 scrolls of identify {unknown}
Potions
 d - a potion of might
 h - a potion of haste {unknown}
 l - a potion of resistance {unknown}
Comestibles
 f - 2 rations
 j - 2 chunks of flesh


   Skills:
 + Level 3.7 Fighting
 + Level 2.3 Maces & Flails
 + Level 3.6 Armour
 + Level 0.5 Dodging
 + Level 3.7 Shields


You had 2 spell levels left.
You didn't know any spells.
Your spell library was empty.

Dungeon Overview and Level Annotations

Branches:
Dungeon (4/15)
 Temple: D:4-7

Altars:


Innate Abilities, Weirdness & Mutations

You are resistant to torment.
Your stone body is resilient. (AC +3)
You are immune to poison.
You resist negative energy. (rN+)
You are resistant to electric shocks. (rElec)
You can survive without breathing.
You are immune to petrification.
You are immune to rotting.


Message History

You hit the orc.
The orc is moderately wounded.
You block the giant cockroach's attack. The adder bites you but does no damage.
The orc hits you but does no damage.
You hit the orc.
The orc is heavily wounded.
The adder closely misses you. You block the giant cockroach's attack.
The orc hits you but does no damage. The adder bites you but does no damage.
You block the giant cockroach's attack.
You barely miss the orc.
The orc is heavily wounded.
You block the adder's attack. The giant cockroach bites you.
* * * LOW HITPOINT WARNING * * *
The orc barely misses you. The adder bites you.
* * * LOW HITPOINT WARNING * * *
You block the giant cockroach's attack. The orc hits you but does no damage.
You sock the orc!
You kill the orc!
The adder bites you.
You die...

#####..# ###. #)..... .
# #.##...###.....# . .#
..........#.....##.##.#.
................. ......
#..............###......
..........#.............
#.#.........>.#s[......
.........)...lS@#
###....#...†.###
.####....##....#
.........##....#
.##.....####S..#
.##....## ....# .......#
#[#.... .#..#### .......
....#


You could see an adder, a giant cockroach and a frilled lizard.

Vanquished Creatures
  An adder (D:3)
  A dart slug (D:2)
  A leopard gecko (D:2)
  2 orcs
  4 bats (D:1)
  A giant cockroach (D:1)
  3 goblins
  3 jackals (D:1)
  2 ball pythons
  A frilled lizard (D:1)
  A kobold (D:1)
  2 rats (D:1)
22 creatures vanquished.

Notes
Turn   | Place    | Note
-------+----------+-------------------------------------------
     0 | D:1      | Dawnplanks the Gargoyle Fighter began the quest for the
                  | Orb.
     0 | D:1      | Reached XP level 1. HP: 14/14 MP: 1/1
   349 | D:1      | Reached XP level 2. HP: 18/19 MP: 2/2
   849 | D:2      | You fall through a shaft for 2 floors!
   879 | D:3      | Reached XP level 3. HP: 19/24 MP: 3/3
   983 | D:3      | Slain by an adder

Vault maps used:
D:1:      lightli_arrival_lavapool, hangedman_abyss_or_decor_lesser_grid
D:2:      zin_statuary, nicolae_ru_sacrificial_ziggurat, okawaru_trees_1,
          uniq_natasha, uniq_crazy_yiuf_cottage
D:3:      old_standard_altar, chequers_ecumenical_altar_island
D:4:      minitemple, lemuel_crystal_altar, bloody_makhleb,
          minmay_temple_entry_fiery, first_ration, serial_shops, shop,
          nicolae_shop_temple_entry_statues_fountains, shop, shop_fountains,
          hangedman_decor_lopped, guppyfry_early_lair_pool

Action                   || total
-------------------------++-------
Melee: Flail             ||   104
Armor: Scale mail        ||   117
Dodge: Dodged            ||    68
Block: Shield            ||    88

Table legend:
 A = Non-vault XP
 B = Vault XP
 C = Vault XP percentage of total XP
 D = Non-vault monster count
 E = Vault monster count
 F = Vault count percentage of total count
                 A         B        C        D         E       F
            +---------+---------+-------+---------+---------+-------
      Total |      52 |       0 |   0.0 |      22 |       0 |   0.0
            +---------+---------+-------+---------+---------+-------
        D:1 |      19 |       0 |   0.0 |      13 |       0 |   0.0
        D:2 |       9 |       0 |   0.0 |       3 |       0 |   0.0
        D:3 |      20 |       0 |   0.0 |       4 |       0 |   0.0
        D:4 |       4 |       0 |   0.0 |       2 |       0 |   0.0
            +---------+---------+-------+---------+---------+-------
